General information
- name: BNet
- type: Ladder team game (AT/RT)
- host: Battle.net
- saver: iggy_the_fisk
map: SunrockCove
- players: 6
- length: 30:01
- speed: Fast
- version: 1.27 W3XP
- replay type:

» download(257 KB)
Players
team 1 (loser)

»
FreQy (
orange | 113 APM | 3392 actions | 29:53)
4 Far Seer
2 Feral Spirit
2 Chain Lighting
4 Tauren Chieftain
2 War Stomp
2 Endurance Aura
» actions
| Assign group hotkey | 68 | |
| Basic commands | 102 | |
| Build / train | 85 | |
| ESC pressed | 8 | |
| Enter build submenu | 27 | |
| Enter hero's abilities submenu | 8 | |
| Give item / drop item | 2 | |
| Right click | 1650 | |
| Select / deselect | 531 | |
| Select group hotkey | 785 | |
| Use ability | 126 | |
3392 total
» units
| Peon | 23 | |
| Grunt | 1 | |
| Demolisher | 7 | |
| Troll Headhunter/Berserker | 7 | |
| Troll Batrider | 13 | |
| Goblin Zeppelin | 1 | |
52 total
» upgrades
| Troll Regeneration | 1 | |
| Berserker Upgrade | 1 | |
| Ranged Weapons | 1 | |
| Witch Doctor Training | 1 | |
| Armor | 1 | |
5 total
» buildings
| Altar of Storms | 1 | |
| Orc Burrow | 7 | |
| Barracks | 2 | |
| Voodoo Lounge | 2 | |
| Stronghold | 1 | |
| War Mill | 1 | |
| Beastiary | 1 | |
| Fortress | 1 | |
| Watch Tower | 9 | |
| Great Hall | 2 | |
| Spirit Lodge | 1 | |
28 total
» build order
00:10 Altar of Storms
00:11 Orc Burrow
00:19 Barracks
01:46 Voodoo Lounge
02:06 Orc Burrow
03:12 Stronghold
03:14 War Mill
03:43 Orc Burrow
04:41 Barracks
04:53 Orc Burrow
09:01 Orc Burrow
10:32 Voodoo Lounge
11:27 Beastiary
12:17 Fortress
12:20 Orc Burrow
13:30 Watch Tower
16:08 Great Hall
17:55 Orc Burrow
17:59 Watch Tower
18:03 Watch Tower
18:18 Watch Tower
18:21 Watch Tower
18:44 Great Hall
19:52 Watch Tower
19:52 Watch Tower
19:58 Watch Tower
20:38 Spirit Lodge
21:24 Watch Tower
» items
| Dust of Appearance | 1 | |
| Circlet of Nobility | 1 | |
| Healing Salve | 4 | |
| Scroll of Speed | 1 | |
| Potion of Healing | 1 | |
| Scroll of Town Portal | 3 | |
| Lesser Clarity Potion | 1 | |
12 total

»
monster- (
pink | 72 APM | 2165 actions | 29:59)
2 Blademaster
1 Wind Walk
1 Critical Strike
2 Shadow Hunter
1 Hex
1 Healing Wave
» actions
| Assign group hotkey | 198 | |
| Basic commands | 16 | |
| Build / train | 57 | |
| ESC pressed | 6 | |
| Enter build submenu | 58 | |
| Enter hero's abilities submenu | 5 | |
| Remove unit from queue | 9 | |
| Right click | 755 | |
| Select / deselect | 310 | |
| Select group hotkey | 609 | |
| Use ability | 142 | |
2165 total
» units
| Peon | 12 | |
| Grunt | 2 | |
| Demolisher | 7 | |
| Wind Rider | 2 | |
| Troll Batrider | 4 | |
27 total
» buildings
| Altar of Storms | 1 | |
| Orc Burrow | 5 | |
| Voodoo Lounge | 1 | |
| Barracks | 1 | |
| War Mill | 2 | |
| Stronghold | 1 | |
| Watch Tower | 37 | |
| Beastiary | 2 | |
| Great Hall | 2 | |
52 total
» build order
00:06 Altar of Storms
00:15 Orc Burrow
00:55 Voodoo Lounge
01:26 Barracks
01:46 Orc Burrow
02:14 War Mill
02:53 Orc Burrow
03:42 Stronghold
04:20 Watch Tower
04:21 Watch Tower
06:11 Beastiary
06:12 Beastiary
07:27 Watch Tower
07:35 Orc Burrow
07:40 Watch Tower
08:47 Watch Tower
09:53 Watch Tower
10:47 Watch Tower
10:48 Watch Tower
11:02 Watch Tower
11:52 Watch Tower
11:54 Watch Tower
12:05 Watch Tower
12:24 Watch Tower
13:36 Watch Tower
13:39 Watch Tower
13:41 Watch Tower
14:42 Watch Tower
14:43 Watch Tower
14:46 Watch Tower
16:07 Watch Tower
17:18 Great Hall
17:21 Watch Tower
18:01 Watch Tower
18:03 Watch Tower
18:11 Orc Burrow
18:26 Watch Tower
18:27 Watch Tower
19:17 Watch Tower
19:32 Watch Tower
20:21 Watch Tower
22:22 Great Hall
22:31 Watch Tower
22:32 Watch Tower
22:33 Watch Tower
22:37 Watch Tower
23:02 War Mill
23:36 Watch Tower
24:03 Watch Tower
24:10 Watch Tower
24:28 Watch Tower
24:37 Watch Tower
» items
| Lesser Clarity Potion | 5 | |
| Healing Salve | 3 | |
| Scroll of Speed | 3 | |
| Potion of Healing | 2 | |
| Orb of Lightning | 1 | |
14 total

»
whatfu.ck (
purple | 51 APM | 1523 actions | 29:54)
3 Archmage
2 Blizzard
1 Brilliance Aura
2 Mountain King
1 Storm Bolt
1 Bash
» actions
| Assign group hotkey | 34 | |
| Basic commands | 1 | |
| Build / train | 131 | |
| ESC pressed | 5 | |
| Enter build submenu | 35 | |
| Enter hero's abilities submenu | 5 | |
| Give item / drop item | 1 | |
| Right click | 644 | |
| Select / deselect | 446 | |
| Select group hotkey | 96 | |
| Use ability | 125 | |
1523 total
» units
| Peasant | 28 | |
| Footman | 18 | |
| Mortar Team | 3 | |
| Siege Engine | 16 | |
| Flying Machine | 20 | |
| Knight | 6 | |
91 total
» upgrades
| Defend | 1 | |
| Lumber Harvesting | 1 | |
| Barrage | 1 | |
| Animal War Training | 1 | |
4 total
» buildings
| Farm | 10 | |
| Altar of Kings | 3 | |
| Barracks | 1 | |
| Scout Tower | 16 | |
| Arcane Tower | 1 | |
| Lumber Mill | 1 | |
| Town Hall | 1 | |
| Keep | 1 | |
| Guard Tower | 9 | |
| Blacksmith | 1 | |
| Castle | 1 | |
| Workshop | 3 | |
| Arcane Vault | 1 | |
| Cannon Tower | 1 | |
50 total
» build order
00:15 Farm
00:18 Altar of Kings
00:38 Barracks
01:37 Farm
01:48 Farm
02:41 Scout Tower
02:44 Scout Tower
03:11 Arcane Tower
03:50 Lumber Mill
04:51 Scout Tower
04:53 Scout Tower
04:56 Town Hall
05:22 Keep
05:56 Guard Tower
06:03 Guard Tower
06:03 Guard Tower
06:33 Blacksmith
06:37 Guard Tower
07:11 Scout Tower
07:17 Scout Tower
07:46 Guard Tower
07:55 Castle
08:26 Farm
08:27 Farm
08:28 Farm
08:45 Workshop
09:14 Workshop
09:15 Workshop
10:35 Arcane Vault
13:30 Altar of Kings
13:53 Scout Tower
13:54 Scout Tower
13:58 Scout Tower
14:30 Guard Tower
14:38 Scout Tower
14:41 Scout Tower
14:44 Scout Tower
14:46 Scout Tower
15:52 Guard Tower
17:22 Guard Tower
17:24 Scout Tower
17:26 Scout Tower
17:27 Scout Tower
17:39 Farm
17:40 Farm
18:05 Cannon Tower
18:07 Guard Tower
19:31 Farm
19:33 Farm
24:37 Altar of Kings
» items
| Healing Salve | 1 | |
| Scroll of Town Portal | 5 | |
| Lesser Clarity Potion | 2 | |
| Scroll of Speed | 1 | |
| Potion of Healing | 4 | |
13 total
team 2 (winner)
Bnet_lord33575 (
red | 122 APM | 3653 actions | 30:00)
7 Blademaster
3 Wind Walk
3 Critical Strike
1 Bladestorm
» actions
| Assign group hotkey | 24 | |
| Basic commands | 13 | |
| Build / train | 73 | |
| ESC pressed | 2 | |
| Enter build submenu | 46 | |
| Enter hero's abilities submenu | 7 | |
| Give item / drop item | 2 | |
| Right click | 2209 | |
| Select / deselect | 299 | |
| Select group hotkey | 804 | |
| Use ability | 174 | |
3653 total
» units
» upgrades
| Spiked Barricades | 1 | |
| Liquid Fire | 1 | |
| Ranged Weapons | 3 | |
| Armor | 3 | |
| Troll Regeneration | 1 | |
9 total
» buildings
| Altar of Storms | 2 | |
| War Mill | 2 | |
| Orc Burrow | 4 | |
| Voodoo Lounge | 1 | |
| Watch Tower | 28 | |
| Stronghold | 3 | |
| Fortress | 1 | |
| Beastiary | 3 | |
| Barracks | 1 | |
| Great Hall | 3 | |
48 total
» build order
00:03 Altar of Storms
00:13 War Mill
00:17 Orc Burrow
01:00 Voodoo Lounge
01:26 Watch Tower
01:52 Watch Tower
01:57 Orc Burrow
02:32 Watch Tower
03:13 Stronghold
03:14 Stronghold
03:14 Stronghold
04:33 Watch Tower
04:35 Watch Tower
04:37 Watch Tower
04:50 Watch Tower
04:51 Watch Tower
05:42 Fortress
05:47 Beastiary
06:15 Watch Tower
06:15 Watch Tower
06:32 Beastiary
06:34 Watch Tower
06:42 Watch Tower
07:29 Watch Tower
07:30 Watch Tower
07:37 Orc Burrow
08:01 Watch Tower
09:47 Watch Tower
09:52 Watch Tower
09:54 Watch Tower
11:07 Orc Burrow
12:23 Beastiary
14:22 War Mill
15:50 Watch Tower
15:51 Watch Tower
17:58 Barracks
20:55 Altar of Storms
23:55 Great Hall
26:34 Great Hall
26:36 Watch Tower
26:37 Watch Tower
26:37 Watch Tower
26:38 Watch Tower
26:43 Great Hall
27:45 Watch Tower
27:46 Watch Tower
27:47 Watch Tower
27:47 Watch Tower
» items
| Healing Salve | 2 | |
| Lesser Clarity Potion | 8 | |
| Staff of Teleportation | 1 | |
| Boots of Speed | 1 | |
| Orb of Lightning | 1 | |
13 total
Iceberg2k16_420 (
teal | 108 APM | 3251 actions | 30:00)
6 Warden
3 Shadow Strike
3 Blink
» actions
| Assign group hotkey | 6 | |
| Basic commands | 81 | |
| Build / train | 74 | |
| ESC pressed | 5 | |
| Enter build submenu | 20 | |
| Enter hero's abilities submenu | 6 | |
| Give item / drop item | 1 | |
| Remove unit from queue | 1 | |
| Right click | 2206 | |
| Select / deselect | 423 | |
| Select group hotkey | 273 | |
| Use ability | 155 | |
3251 total
» units
» upgrades
| Nature's Blessing | 1 | |
| Ultravision | 1 | |
| Strength of the Wild | 3 | |
| Reinforced Hides | 3 | |
| Well Spring | 1 | |
| Corrosive Breath | 1 | |
10 total
» buildings
| Altar of Elders | 1 | |
| Moon Well | 8 | |
| Tree of Life | 1 | |
| Tree of Ages | 1 | |
| Hunter's Hall | 1 | |
| Ancient of Wonders | 1 | |
| Ancient Protector | 6 | |
| Tree of Eternity | 1 | |
| Ancient of Wind | 1 | |
| Chimaera Roost | 2 | |
23 total
» build order
00:05 Altar of Elders
00:19 Moon Well
01:30 Moon Well
02:56 Moon Well
05:23 Tree of Life
06:22 Moon Well
06:57 Tree of Ages
08:19 Hunter's Hall
08:33 Ancient of Wonders
12:08 Ancient Protector
12:10 Ancient Protector
12:12 Ancient Protector
14:08 Tree of Eternity
14:20 Ancient Protector
14:39 Moon Well
14:40 Moon Well
14:41 Moon Well
15:00 Ancient of Wind
16:11 Moon Well
17:06 Chimaera Roost
17:09 Chimaera Roost
25:26 Ancient Protector
25:33 Ancient Protector
» items
| Boots of Speed | 1 | |
| Staff of Teleportation | 1 | |
| Moonstone | 1 | |
| Healing Salve | 2 | |
| Lesser Clarity Potion | 1 | |
| Potion of Healing | 1 | |
| Orb of Lightning | 1 | |
8 total
iggy_the_fisk (
yellow | 146 APM | 4394 actions | 30:01)
5 Archmage
3 Blizzard
2 Brilliance Aura
4 Blood Mage
2 Flame Strike
2 Siphon Mana
» actions
| Assign group hotkey | 618 | |
| Basic commands | 19 | |
| Build / train | 165 | |
| Enter build submenu | 115 | |
| Enter hero's abilities submenu | 9 | |
| Give item / drop item | 7 | |
| Right click | 1886 | |
| Select / deselect | 432 | |
| Select group hotkey | 809 | |
| Use ability | 334 | |
4394 total
» units
| Peasant | 17 | |
| Dragonhawk Rider | 5 | |
| Goblin Zeppelin | 1 | |
23 total
» upgrades
| Masonry | 3 | |
| Magic Sentry | 1 | |
| Lumber Harvesting | 1 | |
| Cloud | 1 | |
| Swords | 2 | |
| Armor | 2 | |
| Animal War Training | 1 | |
11 total
» buildings
| Altar of Kings | 1 | |
| Farm | 4 | |
| Lumber Mill | 1 | |
| Scout Tower | 138 | |
| Arcane Tower | 15 | |
| Guard Tower | 68 | |
| Keep | 1 | |
| Arcane Sanctum | 1 | |
| Town Hall | 2 | |
| Castle | 1 | |
| Arcane Vault | 2 | |
| Gryphon Aviary | 1 | |
| Barracks | 1 | |
| Blacksmith | 1 | |
237 total
» build order
00:04 Altar of Kings
00:19 Farm
00:42 Lumber Mill
00:51 Farm
01:14 Scout Tower
01:16 Scout Tower
01:31 Scout Tower
01:43 Arcane Tower
02:02 Arcane Tower
02:04 Scout Tower
02:12 Guard Tower
02:15 Scout Tower
02:22 Scout Tower
02:44 Scout Tower
02:45 Guard Tower
02:49 Guard Tower
02:50 Scout Tower
03:05 Guard Tower
03:14 Guard Tower
03:16 Scout Tower
03:16 Scout Tower
03:33 Scout Tower
03:34 Guard Tower
03:37 Scout Tower
03:40 Keep
04:24 Guard Tower
04:25 Scout Tower
04:31 Guard Tower
04:31 Guard Tower
04:32 Scout Tower
04:36 Guard Tower
05:47 Guard Tower
05:48 Scout Tower
05:51 Scout Tower
05:52 Guard Tower
05:54 Scout Tower
06:03 Arcane Sanctum
06:20 Farm
06:34 Town Hall
06:39 Scout Tower
06:40 Scout Tower
06:41 Scout Tower
06:42 Scout Tower
06:42 Scout Tower
06:44 Scout Tower
06:53 Guard Tower
06:57 Scout Tower
06:59 Arcane Tower
07:02 Guard Tower
07:44 Arcane Tower
07:44 Guard Tower
08:34 Castle
08:58 Scout Tower
09:00 Scout Tower
09:09 Guard Tower
09:12 Guard Tower
09:12 Guard Tower
09:32 Scout Tower
09:39 Guard Tower
09:39 Guard Tower
09:41 Scout Tower
09:42 Scout Tower
09:43 Scout Tower
09:43 Scout Tower
09:44 Scout Tower
09:45 Scout Tower
09:47 Arcane Tower
10:25 Guard Tower
10:30 Scout Tower
10:33 Guard Tower
10:36 Scout Tower
10:38 Scout Tower
10:39 Scout Tower
10:39 Scout Tower
10:40 Scout Tower
10:50 Scout Tower
10:51 Scout Tower
10:51 Scout Tower
10:52 Scout Tower
11:11 Guard Tower
11:12 Scout Tower
12:02 Guard Tower
12:03 Arcane Tower
12:04 Guard Tower
12:13 Guard Tower
12:15 Scout Tower
12:16 Scout Tower
12:16 Scout Tower
12:17 Scout Tower
12:23 Guard Tower
12:24 Scout Tower
12:25 Scout Tower
12:25 Scout Tower
12:45 Guard Tower
12:46 Scout Tower
12:46 Scout Tower
12:47 Scout Tower
13:16 Guard Tower
13:46 Guard Tower
13:48 Arcane Tower
13:50 Guard Tower
13:58 Guard Tower
13:59 Scout Tower
14:00 Scout Tower
14:28 Guard Tower
14:29 Scout Tower
14:30 Scout Tower
14:30 Scout Tower
15:18 Scout Tower
15:23 Arcane Vault
15:25 Scout Tower
15:26 Scout Tower
15:27 Scout Tower
15:27 Scout Tower
15:28 Scout Tower
15:29 Scout Tower
15:30 Scout Tower
15:30 Scout Tower
15:32 Guard Tower
16:21 Guard Tower
16:23 Guard Tower
16:24 Scout Tower
16:26 Scout Tower
17:03 Arcane Tower
17:03 Guard Tower
17:26 Arcane Tower
17:27 Scout Tower
17:28 Scout Tower
17:28 Scout Tower
17:29 Scout Tower
17:30 Scout Tower
17:35 Arcane Vault
17:38 Guard Tower
18:00 Guard Tower
18:02 Scout Tower
18:04 Scout Tower
18:04 Scout Tower
18:05 Scout Tower
19:16 Scout Tower
19:17 Guard Tower
19:19 Farm
19:37 Guard Tower
19:38 Scout Tower
19:38 Scout Tower
19:40 Scout Tower
19:43 Arcane Tower
19:44 Guard Tower
19:54 Scout Tower
20:33 Scout Tower
20:33 Scout Tower
20:39 Guard Tower
20:46 Arcane Tower
20:58 Gryphon Aviary
21:00 Barracks
21:02 Blacksmith
21:54 Guard Tower
21:57 Scout Tower
22:17 Scout Tower
22:18 Scout Tower
22:18 Scout Tower
22:19 Scout Tower
22:19 Scout Tower
22:20 Scout Tower
22:21 Scout Tower
22:22 Scout Tower
22:41 Scout Tower
22:42 Scout Tower
22:43 Scout Tower
22:44 Scout Tower
22:45 Arcane Tower
22:49 Arcane Tower
22:52 Guard Tower
23:42 Guard Tower
24:09 Scout Tower
24:10 Scout Tower
24:12 Scout Tower
24:13 Scout Tower
24:42 Arcane Tower
24:42 Guard Tower
24:51 Guard Tower
24:58 Guard Tower
24:58 Guard Tower
25:35 Guard Tower
25:57 Guard Tower
25:58 Scout Tower
26:00 Scout Tower
26:03 Scout Tower
26:04 Scout Tower
26:05 Scout Tower
26:07 Scout Tower
26:08 Scout Tower
26:14 Scout Tower
26:16 Scout Tower
26:17 Scout Tower
26:31 Guard Tower
26:34 Scout Tower
26:35 Scout Tower
26:36 Guard Tower
26:37 Scout Tower
26:38 Scout Tower
26:42 Guard Tower
26:44 Scout Tower
26:45 Scout Tower
27:00 Guard Tower
27:11 Guard Tower
27:40 Guard Tower
27:43 Town Hall
27:45 Guard Tower
27:46 Scout Tower
27:47 Scout Tower
27:47 Scout Tower
27:50 Guard Tower
28:01 Guard Tower
28:02 Scout Tower
28:03 Scout Tower
28:05 Guard Tower
28:08 Scout Tower
28:10 Scout Tower
28:11 Scout Tower
28:12 Scout Tower
28:12 Scout Tower
28:13 Scout Tower
28:14 Scout Tower
28:14 Scout Tower
28:15 Scout Tower
28:16 Scout Tower
28:17 Scout Tower
28:36 Guard Tower
28:47 Guard Tower
28:55 Guard Tower
29:02 Guard Tower
29:03 Scout Tower
29:13 Guard Tower
29:14 Scout Tower
29:14 Scout Tower
29:30 Guard Tower
» items
| Boots of Speed | 2 | |
| Staff of Teleportation | 2 | |
| Healing Salve | 10 | |
| Scroll of Speed | 3 | |
| Lesser Clarity Potion | 12 | |
| Orb of Lightning | 2 | |
| Staff of Sanctuary | 2 | |
| Scroll of Regeneration | 1 | |
| Scroll of Town Portal | 1 | |
35 total
Chat log
(00:07 / All) FreQy: hello again
(26:15 / All) Bnet_lord33575: whatfuck
(29:50 / All) FreQy: gg
(29:51 / All) FreQy: wp
(29:54 / All) Bnet_lord33575: GG